 Dungeon Crawl Stone Soup version 0.25-a0-942-g87a53962fc (webtiles) character file.

Game seed: 15686533891284036567, levelgen mode: classic

148939 Amnesiac the Scorcher (level 16, -4/83 HPs)
             Began as a Deep Elf Wizard on May 6, 2020.
             Was the Champion of Vehumet.
             Hit by a boomerang thrown by a red devil (18 damage)
             ... on level 2 of the Elven Halls.
             The game lasted 01:24:18 (33773 turns).

Amnesiac the Scorcher (Deep Elf Wizard)            Turns: 33773, Time: 01:24:19

Health: -4/83      AC: 15    Str:  8    XL:     16   Next: 95%
Magic:  45/47      EV: 15    Int: 31    God:    Vehumet [******]
Gold:   2008       SH:  5    Dex: 13    Spells: 5/48 levels left

rFire    + + .     SeeInvis +   a - +9 long sword (elec)
rCold    x . .     Gourm    .   J - +0 buckler
rNeg     . . .     Faith    .   z - +2 robe {Archmagi}
rPois    .         Spirit   .   f - +2 hat {SInv}
rElec    +         Reflect  .   F - +2 cloak {rF+}
rCorr    .         Harm     +   t - +2 pair of gloves
MR       +....                  O - +2 pair of boots {run}
Stlth    ++........             K - amulet of Descent {Harm *Drain Fragile rElec Str+4}
HPRegen  0.23/turn              b - ring of magical power
MPRegen  0.30/turn              c - ring of fire

@: quick
A: mutation resistance 1
a: Renounce Religion


You were on level 2 of the Elven Halls.
You worshipped Vehumet.
Vehumet was exalted by your worship.
You were hungry.

You visited 4 branches of the dungeon, and saw 25 of its levels.
You also visited: Volcano.

You collected 2633 gold pieces.
You spent 625 gold pieces at shops.

Inventory:

Hand Weapons
 a - a +9 long sword of electrocution (weapon)
Missiles
 U - 7 curare-tipped darts (quivered)
Armour
 f - a +2 hat of see invisible (worn)
 t - a +2 pair of gloves (worn)
 z - a +2 robe of the Archmagi (worn)
 F - a +2 cloak of fire resistance (worn)
 J - a +0 buckler (worn)
 O - a +2 pair of boots of running (worn)
Jewellery
 b - a ring of magical power (left hand)
 c - a ring of fire (right hand)
 e - an uncursed ring of wizardry
 o - an uncursed ring of protection from cold
 G - an uncursed ring of flight
 K - the amulet of Descent (around neck) {Harm *Drain Fragile rElec Str+4}
   (You found it on level 7 of the Dungeon)

   [amulet of harm]

   It increases damage dealt and taken.
   It affects your strength (+4).
   It insulates you from electricity.
   It causes draining when unequipped.
   It will be destroyed if unequipped.
 Q - an uncursed ring of resist corrosion
Wands
 p - a wand of iceblast (7)
 y - a wand of flame (87)
 C - a wand of acid (15)
 D - a wand of digging (9)
 E - a wand of disintegration (16)
 P - a wand of random effects (26)
 S - a wand of polymorph (6)
 T - a wand of clouds (22)
 V - a wand of paralysis (4)
Scrolls
 g - a scroll of magic mapping {!r}
 h - 14 scrolls of teleportation {!r}
 k - 8 scrolls of remove curse {!r}
 l - 2 scrolls of identify {!r}
 m - 5 scrolls of fog {!r}
 q - 2 scrolls of blinking {!r}
 s - a scroll of enchant armour {!r}
 v - 7 scrolls of fear {!r}
Potions
 i - 5 potions of berserk rage {!q}
 j - 4 potions of haste {!q}
 r - 2 potions of might {!q}
 u - 2 potions of curing {!q}
 w - 5 potions of mutation {!q}
 x - 4 potions of brilliance {!q}
 A - a potion of lignification {!q}
 L - 2 potions of ambrosia {!q}
 N - 2 potions of resistance {!q}
 R - a potion of magic {!q}
Miscellaneous
 I - a lightning rod (4/4)
Comestibles
 d - 44 rations


   Skills:
 - Level 3.0 Fighting
 - Level 6.5 Dodging
 - Level 3.0 Stealth
 - Level 4.0 Shields
 + Level 16.8 Spellcasting
 * Level 19.4 Conjurations
   Level 1.1 Summonings
 - Level 1.1 Translocations
 * Level 19.4 Fire Magic
 - Level 3.0 Evocations


You had 5 spell levels left.
You knew the following spells:

 Your Spells              Type           Power        Failure   Level  Hunger
a - Fireball              Conj/Fire      ########..   0%          5    None
b - Starburst             Conj/Fire      ########..   1%          6    ##.....
c - Iskenderun's Mystic   Conj/Tloc      #######.     1%          4    None
d - Iron Shot             Conj/Erth      #######...   1%          6    ##.....
e - Mephitic Cloud        Conj/Pois/Air  #######.     1%          3    None
f - Apportation           Tloc           #####.       1%          1    None
g - Fulminant Prism       Conj/Hex       #######...   1%          4    None
h - Shock                 Conj/Air       ####         1%          1    None
i - Magic Dart            Conj           ####         0%          1    None
j - Passwall              Tmut/Erth      #####...     2%          2    None
s - Conjure Flame         Conj/Fire      ########     0%          3    None
v - Blink                 Tloc           N/A          1%          2    None
w - Bolt of Magma         Conj/Fire/Erth ########..   1%          5    None

Your spell library contained the following spells:

 Spells                   Type           Power        Failure   Level  Hunger
 Fire Storm               Conj/Fire      ########..   16%         9    #######
 Chain Lightning          Conj/Air       #######...   45%         8    ######.
 Lehudib's Crystal Spear  Conj/Erth      #######...   45%         8    ######.
 Searing Ray              Conj           ######       0%          2    None
 Animate Skeleton         Necr           N/A          1%          1    None
 Corona                   Hex            #####..      1%          1    None
 Sandblast                Erth           #####.       1%          1    None
 Summon Small Mammal      Summ           ####         1%          1    None
 Call Imp                 Summ           #####...     1%          2    None
 Dazzling Flash           Conj/Hex       ######       1%          3    None
 Inner Flame              Hex/Fire       ########     1%          3    None
 Static Discharge         Conj/Air       #######.     1%          3    None
 Stone Arrow              Conj/Erth      ######       1%          3    None
 Iskenderun's Battlesphe  Conj/Chrm      #######.     1%          5    None
 Lightning Bolt           Conj/Air       #######...   1%          5    None
 Corpse Rot               Necr/Air       N/A          2%          2    None
 Ensorcelled Hibernation  Hex/Ice        #####.       2%          2    None
 Slow                     Hex            #####...     2%          2    None
 Call Canine Familiar     Summ           #####...     3%          3    None
 Portal Projectile        Hex/Tloc       #####.       3%          3    None
 Recall                   Summ/Tloc      N/A          3%          3    None
 Summon Guardian Golem    Hex/Summ       #####...     3%          3    None
 Confusing Touch          Hex            #####...     4%          3    None
 Tukima's Dance           Hex            #####...     4%          3    None
 Lee's Rapid Deconstruct  Erth           #####.....   12%         5    None
 Summon Ice Beast         Ice/Summ       #####...     13%         4    None
 Summon Lightning Spire   Summ/Air       #####...     13%         4    None
 Animate Dead             Necr           N/A          16%         4    None
 Cause Fear               Hex            #####.....   16%         4    None
 Leda's Liquefaction      Hex/Erth       #####.....   16%         4    None
 Petrify                  Tmut/Erth      #####...     16%         4    None
 Summon Forest            Summ/Tloc      #####.....   28%         5    None
 Summon Mana Viper        Hex/Summ       #####...     34%         5    None
 Borgnjor's Vile Clutch   Necr/Erth      #####.....   41%         5    None
 Conjure Ball Lightning   Conj/Air       #######...   1%          6    ##.....
 Orb of Destruction       Conj           ########..   1%          7    ####...
 Ignition                 Fire           ########..   1%          8    ######.
 Spellforged Servitor     Conj/Summ      #######...   5%          7    ####...
 Death Channel            Necr           #####.....   94%         6    ##.....
 Eringya's Noxious Bog    Tmut/Pois      #####.....   94%         6    ##.....
 Hydra Form               Tmut           #####.....   94%         6    ##.....
 Simulacrum               Ice/Necr       #####.....   94%         6    ##.....
 Summon Hydra             Summ           #####.....   100%        7    ####...
 Shatter                  Erth           #####.....   100%        9    #######
 Tornado                  Air            #####.....   100%        9    #######


Dungeon Overview and Level Annotations

Branches:
Dungeon (15/15)            Temple (0/1) D:6            Lair (6/6) D:10
 Shoals (0/4) Lair:4       Spider (0/4) Lair:4        Slime (0/5) Lair:5
    Orc (2/2) D:9             Elf (2/3) Orc:2        Vaults (0/5) D:14
 Depths (0/5) D:15        Volcano (visited)

Altars:
Ashenzari
Elyvilon
Fedhas
Gozag
Makhleb
Nemelex Xobeh
Qazlal
Sif Muna
Trog
Uskayaw
Vehumet
Yredelemnul
Beogh

Shops:
D:6 [   D:8 [=   D:9 *   D:12 %   Orc:2 *[=(   Elf:1 %   Elf:2 %*}![

Portals:
Bazaar: D:11

Annotations:
D:2 exclusion: downstairs
D:3 Ijyb
D:4 2 transporters, Yok's ghost, amateur MiFi
D:14 1 transporter


Innate Abilities, Weirdness & Mutations

You are somewhat resistant to further mutation.


Message History

You hit the +5 flail of protection but do no damage.
The +5 flail of protection is almost destroyed.
The +5 flail of protection closely misses you.
The deep elf mage gestures wildly while chanting.
The +5 flail of protection hits you!
* * * LOW HITPOINT WARNING * * *
The deep elf mage points at you and mumbles some strange words.
The shard of ice misses you.
The shard of ice hits the +5 flail of protection!!
The +5 flail of protection partially resists.
The +5 flail of protection falls from the air.
Unknown command.
You see here a +5 flail of protection.
Really quaff
u - 3 potions of curing {!q}? [Y]es or [N]o only, please.
Really quaff
u - 3 potions of curing {!q}?
You feel better.
The deep elf archer blinks!
There is a stone staircase leading up here.
You climb upwards.
There is a stone staircase leading down here.
You start resting.
Some of the chunks of flesh in your inventory have rotted away.
Magic restored.
Search for what [Enter for "buck", or ? for help]? amne
Okay, then.
Search for what [Enter for "amne", or ? for help]? buck Unknown command.
You start resting.
All of the chunks of flesh in your inventory have rotted away.
You are feeling hungry.
You climb downwards.
You block the deep elf mage's attack.
There is a stone staircase leading up here.
The deep elf mage casts a spell at you. The bolt of cold hits you!!
You feel a terrible chill!
Casting: Iron Shot (dangerous; 1% risk of failure)
Confirm with . or Enter, or press ? or * to list all spells.
You feel a strong surge of power!
The bolt of fire hits the deep elf mage!!!
You kill the deep elf mage!
Vehumet accepts your kill.
You feel your power returning.
You hear a shout!
A deep elf archer comes into view. It is wielding a +0 short sword.
The deep elf archer shouts!
The deep elf archer unwields a +0 short sword.
The deep elf archer wields a +0 longbow.
The deep elf archer shoots an arrow.
The arrow hits you!!
* * * LOW HITPOINT WARNING * * *
Things that are here:
an arrow; a +0 falchion; a +0 ring mail Unknown command.
Things that are here:
a +0 ring mail; a +0 dagger; an elf skeleton 2 red devils come into view.
The red devil throws a boomerang.
The boomerang hits you but does no damage.
The weapon returns to the red devil!
Press: ? - help, v - describe, . - travel
Here: a red devil, wielding a +0 spear and quivering 7 boomerangs The floor.
Okay, then.
The red devil throws a boomerang.
The boomerang hits you!
You die...

#....8...8....#
#.##....)).....
##.....∩.....##
#)###...#.....#
###.........## #.#
#..###...## #
##....(..### #.# #.##
#.## ## ##.....##.# .#
#.. ..# .## ###.###..#
#.. .# ..# #.# #..# #..
.
..#####.###..######.#.##
e.'.)..(e[......@.......
..#####<.#######..§≈.#.#
..# #..# #..≈..# ..#
#.># #....## ..# #..#
#..### .%# #..# #..4 ..#
#''# #'4## ..) .... ....
..) ....


You could see 2 red devils.

Vanquished Creatures
  Rupert (Lair:5)
  Kirke (D:13)
  Gastronok (Lair:2)
  A deep elf sorcerer (Elf:1)
  The ghost of Quojavas the Severer, a journeyman DDFi of Makhleb (D:15)
  An orc warlord (Orc:2)
  2 deep elf elementalists
  A caustic shrike zombie (D:15)
  A dire elephant (Lair:6)
  Azrael (D:13)
  2 ettins (Orc:2)
  A yaktaur captain (D:15)
  Josephine (Lair:5)
  Harold (D:11)
  Erolcha (D:10)
  10 hydras
  5 vault guards (D:14)
  Erica (D:11)
  2 catoblepae
  4 centaur warriors (D:15)
  5 two-headed ogres
  A death knight (D:13)
  An alligator (Lair:5)
  A deep troll shaman (Lair:6)
  9 death yaks
  Urug (Lair:2)
  6 dancing weapons
  Nergalle (Lair:3)
  3 orc high priests (Orc:2)
  Sonja (Lair:2)
  7 skeletal warriors
  6 deep elf knights
  2 unseen horrors
  A flayed ghost (D:15)
  2 wizards (D:14)
  A swamp dragon (Lair:5)
  An orange crystal statue (D:11)
  Pikel (D:7)
  A phantasmal warrior (D:13)
  A lindwurm (Lair:4)
  A tengu zombie (D:15)
  4 deep elf archers
  4 orc knights (Orc:2)
  A sphinx zombie (D:15)
  43 deep elf magi
  An orb spider (Lair:4)
  2 wolf spider zombies
  2 cyclopes
  A necromancer (D:15)
  8 orc sorcerers
  9 ugly things
  A manticore (D:13)
  9 elephants (Lair:6)
  Maurice (D:13)
  5 black mambas
  Joseph (D:7)
  11 spiny frogs
  5 gargoyles
  Maggie (Lair:2)
  A yaktaur (D:14)
  2 efreet
  8 komodo dragons
  3 rime drakes
  A spriggan skeleton (D:15)
  A queen bee (D:9)
  9 trolls
  3 polar bears
  A merfolk (Lair:4)
  2 hornets
  8 slime creatures
  12 hippogriffs
  3 blink frogs (Lair:6)
  A shadow (D:15)
  A wyvern (D:13)
  A vampire (D:10)
  A centaur simulacrum (D:14)
  6 spriggans (Lair:3)
  9 wraiths
  34 yaks
  2 water elementals (Elf:2)
  2 humans
  4 fire elementals
  8 hogs (D:13)
  4 basilisks
  3 hungry ghosts
  Grum (D:11)
  4 vampire mosquitoes (D:15)
  A warg (Orc:2)
  5 swamp worms (Lair:5)
  An acid dragon (D:12)
  2 hell hounds (D:13)
  2 soldier ants
  10 porcupines
  16 water moccasins
  3 sky beasts
  A hornet zombie (D:13)
  38 orc warriors
  4 black bears
  3 slaves (D:7)
  2 ice beasts
  18 centaurs
  14 ogres
  19 wolves
  2 phantoms
  A big kobold (D:7)
  18 crocodiles
  19 bullfrogs
  2 earth elementals (Elf:1)
  A gnoll sergeant (D:6)
  A scorpion (D:8)
  28 killer bees (D:9)
  9 wights
  2 howler monkeys (D:13)
  An electric eel (Lair:4)
  7 crimson imps
  2 centaur zombies
  5 hounds
  A quasit (D:11)
  A bullfrog zombie (D:12)
  3 centaur skeletons
  33 orc priests
  8 jellies
  Jessica (D:2)
  3 bullfrog skeletons
  5 iguanas
  31 orc wizards
  7 worker ants
  A killer bee zombie (D:6)
  A hound zombie (D:11)
  3 hound skeletons
  A howler monkey zombie (D:6)
  3 worker ant zombies
  19 adders
  16 gnolls
  3 shadow imps
  3 oozes
  3 adder zombies
  An adder skeleton (D:8)
  A worm (D:6)
  4 leopard geckos
  102 orcs
  A ball python (D:2)
  8 bats
  5 giant cockroaches
  6 goblins
  4 hobgoblins (D:1)
  17 jackals
  5 quokkas
  2 frilled lizards
  2 jackal skeletons
  A jackal zombie (D:8)
  11 kobolds
  A leopard gecko skeleton (D:6)
  2 quokka zombies
  8 rats
  8 fungi
  10 plants
  4 withered plants (D:15)
922 creatures vanquished.

Vanquished Creatures (collateral kills)
  An iguana (D:3)
1 creature vanquished.

Vanquished Creatures (others)
  A dancing weapon (Elf:2)
  A fire elemental (Elf:1)
  A slave (D:7)
  An orc (D:13)
  6 fulminant prisms
  2 fungi (Lair:6)
  A plant (Lair:3)
  4 withered plants (D:15)
17 creatures vanquished.

Grand Total: 940 creatures vanquished

Notes
Turn   | Place    | Note
-------+----------+-------------------------------------------
     0 | D:1      | Amnesiac the Deep Elf Wizard began the quest for the Orb.
     0 | D:1      | Reached XP level 1. HP: 10/10 MP: 7/7
     2 | D:1      | Noticed a formicid
     2 | D:1      | Noticed an octopode
     4 | D:1      | Noticed a ghoul
     4 | D:1      | Noticed a minotaur
     6 | D:1      | Noticed a vine stalker
     9 | D:1      | Noticed an elf
     9 | D:1      | Noticed a halfling
    11 | D:1      | Noticed a gargoyle
    13 | D:1      | Noticed a naga
    15 | D:1      | Noticed a spriggan
    15 | D:1      | Noticed a troll
    17 | D:1      | Noticed a merfolk
    19 | D:1      | Noticed a dwarf
    19 | D:1      | Noticed a vampire
    21 | D:1      | Noticed a demigod
    21 | D:1      | Noticed a tengu
    23 | D:1      | Noticed a human
    23 | D:1      | Noticed an ogre
    25 | D:1      | Noticed a centaur
    25 | D:1      | Noticed a felid
    27 | D:1      | Noticed a demonspawn
    27 | D:1      | Noticed a draconian
   127 | D:1      | Reached XP level 2. HP: 15/15 MP: 4/9
   131 | D:1      | Learned a level 2 spell: Blink
   134 | D:1      | Learned a level 2 spell: Call Imp
   265 | D:2      | Reached XP level 3. HP: 19/19 MP: 6/11
   270 | D:2      | Learned a level 3 spell: Conjure Flame
   286 | D:2      | Found a hide-covered altar of Uskayaw.
   336 | D:2      | Found a blossoming altar of Fedhas.
   467 | D:2      | Learned a level 3 spell: Mephitic Cloud
   754 | D:2      | Noticed an ogre
   763 | D:2      | Killed an ogre
   763 | D:2      | Reached XP level 4. HP: 16/24 MP: 2/12
   889 | D:2      | Reached skill level 1 in Fighting
   906 | D:2      | Found a radiant altar of Vehumet.
   909 | D:2      | Became a worshipper of Vehumet
  1006 | D:1      | Reached skill level 5 in Spellcasting
  1057 | D:1      | Reached XP level 5. HP: 29/29 MP: 11/14
  1629 | D:2      | Reached skill level 1 in Fire Magic
  1694 | D:2      | Found a bloodstained altar of Trog.
  1696 | D:2      | Found a sparkling altar of Nemelex Xobeh.
  1697 | D:2      | Found a stormy altar of Qazlal.
  1699 | D:2      | Reached * piety under Vehumet
  1699 | D:2      | Offered knowledge of Sandblast by Vehumet.
  1813 | D:2      | Found a sparkling altar of Nemelex Xobeh.
  1813 | D:2      | Noticed Jessica
  1815 | D:2      | Killed Jessica
  2325 | D:3      | Reached XP level 6. HP: 29/34 MP: 7/15
  2564 | D:3      | Noticed Ijyb
  2701 | D:3      | Found a shimmering blue altar of Sif Muna.
  2701 | D:3      | Found a burning altar of Makhleb.
  3299 | D:3      | Found a white marble altar of Elyvilon.
  4671 | D:4      | Reached skill level 5 in Conjurations
  4671 | D:4      | Reached skill level 5 in Fire Magic
  4671 | D:4      | Reached XP level 7. HP: 35/38 MP: 8/16
  4724 | D:4      | Noticed Yok's ghost (amateur MiFi)
  4727 | D:4      | Found a transporter.
  4833 | D:4      | Found a transporter.
  5205 | D:5      | Entered Level 5 of the Dungeon
  5426 | D:5      | Found an opulent altar of Gozag.
  6254 | D:4      | Reached skill level 1 in Evocations
  6442 | D:5      | Reached ** piety under Vehumet
  6442 | D:5      | Offered knowledge of Shock by Vehumet.
  6445 | D:5      | Learned a level 1 spell: Shock
  6642 | D:5      | Reached XP level 8. HP: 43/43 MP: 14/18
  6645 | D:5      | Identified the +1 robe of the Cockroach {-Tele rPois rC++
                  | Dex+2}
  8101 | D:6      | Found a staircase to the Ecumenical Temple.
  8133 | D:6      | Found a basalt altar of Yredelemnul.
  8320 | D:6      | Found Fubyt's Antique Armour Shoppe.
  8528 | D:6      | Offered knowledge of Inner Flame by Vehumet.
  8653 | D:7      | Noticed Joseph
  8698 | D:7      | Noticed Pikel
  8703 | D:7      | Got a wavering platinum amulet
  8708 | D:7      | Reached XP level 9. HP: 42/47 MP: 15/21
  8709 | D:7      | Identified the amulet of Descent {Harm *Drain Fragile rElec
                  | Str+4} (You found it on level 7 of the Dungeon)
  8715 | D:7      | Killed Pikel
  8723 | D:7      | Killed Joseph
  8921 | D:7      | Reached *** piety under Vehumet
  9120 | D:7      | Found a sparkling altar of Nemelex Xobeh.
  9218 | D:7      | Found a shattered altar of Ashenzari.
  9566 | D:8      | Found Tatraew's Antique Armour Emporium.
  9633 | D:8      | Reached skill level 5 in Dodging
  9672 | D:8      | Offered knowledge of Iskenderun's Mystic Blast by Vehumet.
  9678 | D:8      | Learned a level 4 spell: Iskenderun's Mystic Blast
  9828 | D:8      | Bought a pair of embroidered boots for 180 gold pieces
  9833 | D:8      | Identified a +1 pair of boots of running (You bought it in
                  | a shop on level 8 of the Dungeon)
  9847 | D:8      | Noticed a two-headed ogre
  9864 | D:8      | Killed a two-headed ogre
  9864 | D:8      | Reached XP level 10. HP: 52/52 MP: 18/24
 10424 | D:8      | Found Noiqaoby's Jewellery Shoppe.
 10662 | D:8      | Reached **** piety under Vehumet
 10859 | D:9      | Reached skill level 1 in Shields
 10899 | D:9      | Offered knowledge of Bolt of Magma by Vehumet.
 11001 | D:9      | Learned a level 1 spell: Apportation
 11006 | D:9      | Learned a level 4 spell: Fulminant Prism
 11073 | D:9      | Reached skill level 10 in Conjurations
 11073 | D:9      | Reached skill level 10 in Fire Magic
 11277 | D:9      | Noticed a two-headed ogre
 11286 | D:9      | Killed a two-headed ogre
 11402 | D:9      | Reached XP level 11. HP: 41/57 MP: 15/26
 11438 | D:9      | Paralysed by a hornet for 2 turns
 11455 | D:9      | Identified a scroll of acquirement {!r}
 11455 | D:9      | Identified the +0 demon trident of Doubt {antimagic, +Rage
                  | MR+} (You acquired it on level 9 of the Dungeon)
 11560 | D:9      | Learned a level 5 spell: Bolt of Magma
 11743 | D:9      | Reached ***** piety under Vehumet
 11841 | D:9      | Found a roughly hewn altar of Beogh.
 11841 | D:9      | Found a staircase to the Orcish Mines.
 11981 | D:9      | Offered knowledge of Conjure Ball Lightning by Vehumet.
 12092 | D:9      | Found Mecop's Assorted Antiques.
 12097 | D:9      | Bought a scroll labeled ARANLA PYCA for 33 gold pieces
 12097 | D:9      | Bought a fuming orange potion for 29 gold pieces
 12105 | D:9      | Gained mutation: You occasionally shout uncontrollably at
                  | your foes. [potion of mutation]
 12105 | D:9      | Gained mutation: You have a pair of small horns on your
                  | head. [potion of mutation]
 12400 | Orc:1    | Entered Level 1 of the Orcish Mines
 12461 | Orc:1    | Noticed an orc sorcerer
 12467 | Orc:1    | Paralysed by an orc sorcerer for 7 turns
 12474 | Orc:1    | Killed an orc sorcerer
 12560 | Orc:1    | Noticed an orc sorcerer
 12563 | Orc:1    | Killed an orc sorcerer
 12741 | Orc:2    | Entered Level 2 of the Orcish Mines
 12741 | Orc:2    | Noticed an ettin
 12802 | D:10     | Entered Level 10 of the Dungeon
 13138 | D:10     | Noticed a death yak
 13138 | D:10     | Noticed a death yak
 13155 | D:10     | Killed a death yak
 13155 | D:10     | Noticed a death yak
 13156 | D:10     | Noticed a death yak
 13175 | D:10     | Killed a death yak
 13175 | D:10     | Reached skill level 10 in Spellcasting
 13175 | D:10     | Killed a death yak
 13177 | D:10     | Killed a death yak
 13333 | D:10     | Noticed a death yak
 13335 | D:10     | Noticed a death yak
 13337 | D:10     | Found a staircase to the Lair.
 13344 | D:10     | Killed a death yak
 13344 | D:10     | Noticed Erolcha
 13364 | D:10     | Killed a death yak
 13365 | D:10     | Killed Erolcha
 13365 | D:10     | Reached XP level 12. HP: 53/64 MP: 16/28
 13439 | D:10     | Noticed a two-headed ogre
 13441 | D:10     | Killed a two-headed ogre
 13733 | D:11     | Noticed Grum
 13751 | D:11     | Killed Grum
 14801 | D:11     | Found a gateway to a bazaar.
 15000 | D:11     | Noticed Erica
 15000 | D:11     | Noticed Harold
 15390 | D:12     | Found Fiwosiell's Food Boutique.
 15736 | D:11     | Offered knowledge of Sticky Flame by Vehumet.
 15737 | D:11     | Killed Erica
 15897 | D:11     | Killed Harold
 15897 | D:11     | Reached XP level 13. HP: 68/68 MP: 16/31
 16321 | Lair:1   | Entered Level 1 of the Lair of Beasts
 16408 | Lair:1   | Got a distressingly furry tower shield
 17239 | Lair:2   | Noticed Maggie
 17242 | Lair:2   | Killed Maggie
 17315 | Lair:2   | Noticed Sonja
 17324 | Lair:2   | Killed Sonja
 17342 | Lair:2   | Noticed Urug
 17348 | Lair:2   | Killed Urug
 17888 | Lair:2   | Noticed Gastronok
 17919 | Lair:2   | Killed Gastronok
 18153 | Lair:2   | Identified the +11 tower shield of Nuefiqa {rF- rC++} (You
                  | found it on level 1 of the Lair of Beasts)
 18749 | Lair:3   | Noticed Nergalle
 18754 | Lair:3   | Killed Nergalle
 20089 | Lair:4   | Found a dark tunnel.
 20100 | Volcano  | Entered a volcano
 20157 | Volcano  | Reached skill level 15 in Fire Magic
 20485 | Lair:4   | Found a staircase to the Shoals.
 20602 | Lair:4   | Reached skill level 15 in Conjurations
 20721 | Lair:4   | Found a hole to the Spider Nest.
 21047 | Lair:4   | Got a twisted trident
 21422 | Lair:5   | Noticed Josephine
 21438 | Lair:5   | Killed Josephine
 21608 | Lair:5   | Found a staircase to the Slime Pits.
 21710 | Lair:5   | Noticed Rupert
 21717 | Lair:5   | Killed Rupert
 21717 | Lair:5   | Reached XP level 14. HP: 74/74 MP: 17/33
 22354 | Lair:5   | Offered knowledge of Starburst by Vehumet.
 22363 | Lair:5   | Learned a level 6 spell: Starburst
 23433 | Lair:6   | Identified a paperback manual
 23433 | Lair:6   | Entered Level 6 of the Lair of Beasts
 24180 | Lair:6   | Offered knowledge of Fireball by Vehumet.
 24196 | Lair:6   | Learned a level 5 spell: Fireball
 25689 | Orc:1    | You fall into a shaft and drop 1 floor!
 25693 | Orc:2    | Reached XP level 15. HP: 78/78 MP: 29/35
 25744 | Orc:2    | Reached ****** piety under Vehumet
 25802 | Orc:2    | Offered knowledge of Iron Shot by Vehumet.
 26298 | Orc:2    | Found a staircase to the Elven Halls.
 26537 | Orc:2    | Noticed an orc warlord
 26569 | Orc:2    | Killed an orc warlord
 27048 | Orc:2    | Found Haxean's Antique Armour Emporium.
 27049 | Orc:2    | Found Biax's Antique Weapon Shoppe.
 27050 | Orc:2    | Found Wemmuj's General Store.
 27050 | Orc:2    | Found Pyum's Jewellery Emporium.
 27162 | Orc:2    | Identified the +9 trident of Success {flame, +Rage Dex+3}
                  | (You found it on level 4 of the Lair of Beasts)
 27199 | Orc:2    | Bought a wand of acid (7) for 286 gold pieces
 27199 | Orc:2    | Bought a scroll of enchant weapon for 97 gold pieces
 27218 | Orc:2    | Learned a level 6 spell: Iron Shot
 27474 | D:13     | Noticed Kirke
 27477 | D:13     | Noticed a sphinx
 27478 | D:13     | Reached skill level 15 in Spellcasting
 27484 | D:13     | Killed Kirke
 28027 | D:13     | Noticed Maurice
 28034 | D:13     | Killed Maurice
 28059 | D:13     | Noticed Azrael
 28085 | D:13     | Killed Azrael
 28086 | D:13     | Offered knowledge of Lee's Rapid Deconstruction by Vehumet.
 28980 | D:14     | Found a bloodstained altar of Trog.
 28981 | D:14     | Found the +8 Wrath of Trog {antimagic, *Rage}
 29029 | D:14     | Found a transporter.
 29273 | D:14     | Learned a level 2 spell: Passwall
 29425 | D:14     | Paralysed by a wizard for 7 turns
 29548 | D:14     | Found a gate to the Vaults.
 30073 | D:14     | Lost mutation: You have a pair of small horns on your head.
                  | [potion of mutation]
 30073 | D:14     | Lost mutation: You occasionally shout uncontrollably at
                  | your foes. [potion of mutation]
 30073 | D:14     | Gained mutation: You are somewhat resistant to further
                  | mutation. [potion of mutation]
 30081 | D:15     | Entered Level 15 of the Dungeon
 30341 | D:15     | Found a runed translucent door.
 30342 | D:15     | Noticed Quojavas's ghost (journeyman DDFi)
 30362 | D:15     | Killed Quojavas's ghost
 30681 | D:15     | Reached XP level 16. HP: 83/83 MP: 31/37
 30791 | D:15     | Found a white marble altar of Elyvilon.
 31167 | D:15     | Offered knowledge of Ozocubu's Refrigeration by Vehumet.
 31170 | D:15     | Found a staircase to the Depths.
 31779 | Elf:1    | Entered Level 1 of the Elven Halls
 31818 | Elf:1    | Found a radiant altar of Vehumet.
 32424 | Elf:1    | Found Anierrac's Food Boutique.
 32625 | Elf:1    | Identified Yzeoraig's Papyrus of Confrontation and Calling
 32773 | Elf:1    | Got a shimmering shortbow
 33027 | Elf:2    | Found Kief's Gadget Shop.
 33030 | Elf:2    | Found Qiudgh's Distillery.
 33030 | Elf:2    | Found Nuezot's Food Boutique.
 33033 | Elf:2    | Found Yzexueqoi's Assorted Antiques.
 33358 | Elf:2    | Found Mohost's Armour Emporium.
 33504 | Elf:2    | Offered knowledge of Lehudib's Crystal Spear by Vehumet.
 33504 | Elf:2    | Offered knowledge of Fire Storm by Vehumet.
 33504 | Elf:2    | Offered knowledge of Chain Lightning by Vehumet.
 33773 | Elf:2    | Hit by a boomerang thrown by a red devil

Levels and vault maps discovered:
D:1:      kb_arrival_jail, layout_rooms, minmay_misc_feat_tower,
          minmay_small_reverse_x
D:2:      layout_loops_ring, lemuel_doored_altar,
          eat_drink_and_be_merry_uskayaw, fedhas_altar_1,
          grunt_temple_overflow_open, first_ration, nemelex_lonely_heart_becter
D:3:      layout_basic, chequers_temple_overflow_statue_of_worship,
          nicolae_overflow_hidden_temple, serial_rivers,
          chequers_serial_rivers_room_b, chequers_serial_rivers_room_a,
          chequers_serial_rivers_room_a, chequers_serial_rivers_micro_d,
          chequers_serial_rivers_marsh, chequers_serial_rivers_small_b,
          wad_floor_pattern_untrapped, uniq_ijyb
D:4:      layout_loops_ring, gammafunk_ghost_mausoleum
D:5:      minmay_angry_zag, layout_cave_pools, nicolae_gozag_seed_capital
D:6:      layout_gridville, nicolae_overflow_crystal_walls,
          minmay_temple_entry_statues_pillars, serial_shops, nicolae_shop_trees
D:7:      layout_rooms, lemuel_coloured_pillars_altar,
          nemelex_diamond_rough_becter, uniq_pikel, uniq_joseph
D:8:      layout_basic, serial_shops, shop, nicolae_shop_behind_doors
D:9:      layout_loops_ring, david_orc_5, serial_shops,
          nicolae_shop_overgrown_old_shop, special_room [special_room_bee]
D:10:     layout_roguey, dpeg_lair_monsters, uniq_erolcha
D:11:     layout_layer_cave, serial_shops, statue_bzr, uniq_grum, uniq_erica,
          uniq_harold
D:12:     layout_rooms, serial_shops, nicolae_shop_trees
D:13:     layout_cave_pods, grunt_livestock, uniq_azrael, uniq_maurice,
          uniq_kirke
D:14:     emtedronai_trogs_sanctum, layout_layer_cave,
          grunt_vaults_entry_fortified, solitary_fountain, lightli_wizard_tower
D:15:     gammafunk_depths_entry_grave, layout_loops_cross, elyvilon_altar_3,
          gammafunk_ghost_grave
Lair:1:   layout_concentric_octagons
Lair:2:   layout_layer_cave, uniq_sonja, uniq_gastronok, uniq_maggie, uniq_urug
Lair:3:   layout_regular_city, hangedman_lair_unloving_vines, wad_woods_01,
          uniq_nergalle
Lair:4:   layout_hall_layers, elwin_shoals_entry_rooms,
          nicolae_spider_entry_orb_guardian, nicolae_volcano_entry_vermiform,
          grunt_megastairs_2
Lair:5:   onia_ninara_swampy_vault, layout_gridlike,
          nicolae_slime_entry_slimehenge, chequers_serial_rivers_small_b,
          cheibrodos_lair_reptile_den, uniq_rupert, uniq_josephine
Lair:6:   grunt_lair_end_beastmaster, layout_cellular_growth, grunt_megastairs_3
Orc:1:    layout_caves
Orc:2:    st_orc_congregation, layout_caves
Elf:1:    eino_elf_arrival_altar, layout_loops_cross, serial_shops, shop,
          minmay_elf_sorcery, due_unseen_surprise
Elf:2:    layout_gridlike, serial_shops, shop,
          einodemon_armed_red_devil_minivault, minmay_shoptagon, uniq_agnes,
          uniq_aizul

Skill      XL: |  1  2  3  4  5  6  7  8  9 10 11 12 13 14 15 16 |
---------------+-------------------------------------------------+-----
Conjurations   | 2 3 4 5 6 7 9 10 12 13 15 16 18 19 | 19.4
Dodging        | 3 5 6 |  6.5
Stealth        | 3 |  3.0
Fighting       | 1 2 3 |  3.0
Spellcasting   | 5 7 8 9 10 12 13 14 15 16 | 16.8
Fire Magic     | 3 5 6 7 9 10 12 13 15 16 18 19 | 19.4
Evocations     | 1 3 |  3.0
Shields        | 4 |  4.0
Summonings     | |  1.1
Translocations | |  1.1

Action                   |  1- 3 |  4- 6 |  7- 9 | 10-12 | 13-15 | 16-18 || total
-------------------------+-------+-------+-------+-------+-------+-------++-------
Melee: Whip              |     1 |    22 |    13 |       |       |       ||    36
       Dagger            |       |       |    11 |       |       |       ||    11
       Long sword        |       |       |     7 |    38 |    37 |     9 ||    91
       Headbutt          |       |       |       |     1 |     6 |       ||     7
 Cast: Magic Dart        |    42 |   161 |   120 |     2 |       |       ||   325
       Mephitic Cloud    |       |     3 |     9 |       |       |       ||    12
       Call Imp          |       |     9 |    10 |       |       |       ||    19
       Blink             |       |     5 |     6 |     2 |     3 |     1 ||    17
       Conjure Flame     |       |     4 |     2 |       |       |       ||     6
       Shock             |       |       |   224 |   163 |       |       ||   387
       Iskenderun's Myst |       |       |     1 |    22 |     3 |       ||    26
       Bolt of Magma     |       |       |       |   123 |   210 |     6 ||   339
       Fulminant Prism   |       |       |       |     3 |     3 |       ||     6
       Starburst         |       |       |       |       |   107 |    12 ||   119
       Fireball          |       |       |       |       |   123 |    78 ||   201
       Iron Shot         |       |       |       |       |     7 |    19 ||    26
       Passwall          |       |       |       |       |       |     3 ||     3
Evoke: Wand              |       |       |       |     3 |    11 |       ||    14
  Use: Scroll            |       |       |       |    15 |    23 |     4 ||    42
       Potion            |       |       |       |     9 |     7 |     1 ||    17
 Stab: Sleeping          |       |     3 |       |     2 |       |       ||     5
       Distracted        |       |     1 |       |       |       |       ||     1
       Confused          |       |       |     2 |       |       |       ||     2
  Eat: Chunk             |       |    11 |    10 |    26 |    54 |    10 ||   111
       Ration            |       |       |     2 |     1 |     2 |       ||     5
Armor: Robe              |     1 |     6 |    21 |    37 |    42 |    19 ||   126
Dodge: Dodged            |     4 |    37 |    93 |   142 |   119 |    12 ||   407
Block: Buckler           |       |       |       |    43 |    37 |     5 ||    85
       Rpst.: Long sword |       |       |    17 |    38 |    27 |     3 ||    85

Table legend:
 A = Non-vault XP
 B = Vault XP
 C = Vault XP percentage of total XP
 D = Non-vault monster count
 E = Vault monster count
 F = Vault count percentage of total count
                 A         B        C        D         E       F
            +---------+---------+-------+---------+---------+-------
      Total |  121535 |   91235 |  42.9 |     629 |     271 |  30.1
            +---------+---------+-------+---------+---------+-------
        D:1 |      50 |       5 |   9.1 |      22 |       4 |  15.4
        D:2 |     183 |      37 |  16.8 |      18 |       1 |   5.3
        D:3 |     174 |       0 |   0.0 |      21 |       0 |   0.0
        D:4 |     626 |       0 |   0.0 |      24 |       0 |   0.0
        D:5 |     559 |     122 |  17.9 |      26 |       2 |   7.1
        D:6 |     972 |       0 |   0.0 |      31 |       0 |   0.0
        D:7 |     738 |     819 |  52.6 |      23 |       2 |   8.0
        D:8 |    2813 |       0 |   0.0 |      43 |       0 |   0.0
        D:9 |    3323 |    2454 |  42.5 |      24 |      47 |  66.2
       D:10 |    2887 |    6271 |  68.5 |      18 |       7 |  28.0
       D:11 |    7606 |    3181 |  29.5 |      33 |       7 |  17.5
       D:12 |    3900 |       0 |   0.0 |      25 |       0 |   0.0
       D:13 |    7246 |    6862 |  48.6 |      36 |      19 |  34.5
       D:14 |    5650 |    7958 |  58.5 |      17 |      12 |  41.4
       D:15 |   17745 |    7702 |  30.3 |      44 |       9 |  17.0
     Lair:1 |    1444 |       0 |   0.0 |       6 |       0 |   0.0
     Lair:2 |    3612 |    4193 |  53.7 |      18 |       4 |  18.2
     Lair:3 |    1952 |    2144 |  52.3 |       9 |       7 |  43.8
     Lair:4 |    5309 |    1780 |  25.1 |      24 |       5 |  17.2
     Lair:5 |    5256 |    9820 |  65.1 |      28 |      28 |  50.0
     Lair:6 |   12673 |   10545 |  45.4 |      35 |      24 |  40.7
      Orc:1 |    2164 |       0 |   0.0 |      18 |       0 |   0.0
      Orc:2 |    7284 |   11305 |  60.8 |      43 |      67 |  60.9
      Elf:1 |    9210 |   13084 |  58.7 |      15 |      20 |  57.1
      Elf:2 |   18159 |    1826 |   9.1 |      28 |       2 |   6.7
    Volcano |       0 |    1127 | 100.0 |       0 |       4 | 100.0
            +---------+---------+-------+---------+---------+-------
